Map: Golden Wall LE

Players

TYTY (TY) - Winner!

  • Race: Terran Terran
  • League: Grandmaster
  • Spawn Location: 7:00

DPGPartinG (PartinG)

  • Race: Protoss Protoss
  • League: Grandmaster
  • Spawn Location: 5:00

Event: DreamHack SC2 Masters 2020 Summer Season Finals

VOD

Have the link to the VOD?

Description

Time

  • Played on: July 16, 2020, 12:36 p.m.
  • Length: 7:13

All games in this series

Show
View Real Time Build Order
Export as new Build Order

TYTY Terran - Winner!

Build Orders:  

Get SALT Encoding   

  12  0:00  SCV  
  13  0:12  SCV  
  14  0:17  Supply Depot  
  14  0:24  SCV  
  15  0:39  Barracks  
  15  0:50  Barracks  
  15  0:54  SCV  
  16  1:06  SCV  
  17  1:18  SCV  
  18  1:19  Refinery  
  18  1:26  Marine  
  18  1:30  Orbital Command  
  19  1:34  Supply Depot  
  19  1:37  Marine  
  20  1:44  Marine  
  21  1:55  Marine  
  22  2:03  Marine  
  23  2:13  Marine  
  23  2:21  Marine  
  22  2:31  Marine  
  18  2:38  SCV  
  18  2:39  Marine  
  16  2:53  SCV  
  15  3:02  Marine x2  
  15  3:05  SCV  
  16  3:17  SCV  
  17  3:29  SCV  
  18  3:41  SCV  
  18  3:47  Factory  
  19  3:53  SCV  
  20  4:05  SCV  
  21  4:13  Refinery  
  21  4:17  SCV  
  22  4:30  SCV  
  23  4:32  Starport, Hellion  
  25  4:42  SCV  
  26  4:49  Supply Depot  
  24  4:54  Marine  
  24  4:56  Marine, Widow Mine  
  24  4:58  SCV  
  29  5:08  Medivac  
  29  5:10  SCV  
  29  5:13  Marine  
  33  5:15  Marine  
  34  5:22  Widow Mine  
  34  5:28  Supply Depot  
  36  5:30  SCV  
  37  5:36  Marine x2  
  37  5:45  Factory Tech Lab  
  37  5:46  SCV  
  38  5:54  Marine x2  
  40  6:00  Supply Depot, SCV  
  40  6:05  Siege Tank  
  43  6:12  Marine, SCV  
  40  6:34  Viking  
Show
View Real Time Build Order
Export as new Build Order

DPGPartinG Protoss 

Build Orders:  

Get SALT Encoding   

  12  0:00  Probe  
  13  0:12  Probe  
  14  0:20  Pylon  
  14  0:24  Probe  
  15  0:34  Probe  
  15  0:38  Gateway  
  15  0:42  Probe  
  16  0:48  Assimilator  
  17  0:52  Probe  
  18  1:05  Probe  
  19  1:17  Probe  
  20  1:24  Pylon  
  20  1:25  Zealot  
  22  1:28  Cybernetics Core  
  22  1:29  Probe  
  23  1:43  Probe, Zealot  
  26  2:03  Stalker  
  26  2:05  Shield Battery  
  26  2:09  Shield Battery  
  26  2:29  Stalker  
  19  3:04  Warp Gate  
  19  3:09  Probe  
  20  3:22  Probe  
  21  3:27  Stalker  
  21  3:34  Probe  
  24  3:46  Probe  
  25  3:56  Assimilator  
  25  3:58  Probe  
  25  4:02  Pylon  
  28  4:11  Probe  
  27  4:23  Robotics Facility, Probe  
  28  4:26  Gateway  
  28  4:37  Gateway  
  28  4:41  Probe  
  27  4:56  Stalker  
  27  4:57  Probe  
  30  5:00  Warp Prism  
  33  5:20  Stalker  
  35  5:26  Stalker  
  34  5:36  Stalker  
  34  5:41  Observer  
  37  5:45  Stalker  
  39  5:53  Pylon  
  39  6:00  Pylon  
  39  6:15  Stalker x2  
  28  6:31  Adept  
Tags
 
Add a new tag
Caveats
  • Supply blocks, unpowered buildings, or Contaminate may cause inaccurate times.
  • Supply counts are checked every 10 seconds.